AoeStats
← Wight is Right

Black Forest

509505080Analyzed
3v3 RM · 4d ago on Sep 27, 2026· 30m 54s· 6 players
Game mode
Random Map
Map size
Normal (6 player)
Population
200
Speed
Normal
Resources
Standard
Victory
Conquest
Starting age
Dark Age
Ending age
Imperial Age
RankedLock teamsTeams togetherTeam positionsShared explorationLock speedFull tech treeHidden civsTurbo modeCheats
Victory
Defeat
🇨🇦 Gurjaras · Canada
1122
+13
🇨🇦 Britons · Canada
1122
+13
🇨🇦 Franks · Canada
1035
+17
🇧🇷 Bohemians · Brazil
1103
-16
🇧🇷 Teutons · Brazil
1037
-14
🇧🇷 Byzantines · Brazil
1028
-13
Longshanks
4:00 Loom
11:09 Feudal Age
15:07 Castle Age
13:43 Town Watch
14:21 Double-Bit Axe
14:42 Horse Collar
16:57 Bow Saw
25:40 Heavy Plow
26:20 Wheelbarrow
27:10 Town Patrol
27:25 Gold Mining
27:25 Stone Mining
28:09 Hand Cart
31:49 Imperial Age
Caesar Galinacius
11:48 Feudal Age
15:34 Castle Age
13:48 Double-Bit Axe
13:46 Horse Collar
16:39 Bow Saw
18:19 Fervor
20:50 Town Watch
Chéio
0:56 Loom
12:09 Feudal Age
16:36 Castle Age
15:46 Double-Bit Axe
15:57 Horse Collar
Wight is Right
9:29 Loom
14:37 Feudal Age
27:27 Castle Age
25:59 Fletching
28:44 Double-Bit Axe
Alexander Wight
10:58 Feudal Age
10:36 Loom
14:35 Castle Age
12:56 Double-Bit Axe
13:03 Gold Mining
13:00 Horse Collar
16:00 Bow Saw
15:59 Heavy Plow
22:16 Bloodlines
23:06 Husbandry
23:33 Scale Barding Armor
The Dark Wight
8:21 Loom
10:23 Feudal Age
12:10 Double-Bit Axe
12:22 Horse Collar
16:43 Fletching
17:09 Gold Mining
17:50 Padded Archer Armor
19:00 Stone Mining
24:29 Castle Age
25:16 Bodkin Arrow
24:47 Crossbowman
28:53 Wheelbarrow
29:46 Gold Shaft Mining
29:52 Ballistics
31:06 Hand Cart
Connection lost

Rejoining the realm…

Still unreachable

The connection could not be restored.

Session expired

The server has moved on; the page needs a fresh start.